[Event "Late-Titled-Tuesday-Blitz-October-03-2023"]
[Site "Chess.com"]
[Date "2023.10.03"]
[Round "2"]
[White "marik_spb"]
[Black "luizzy"]
[Result "1-0"]
[WhiteElo "2389"]
[BlackElo "2610"]
[TimeControl "180+1"]
[EndTime "14:15:29 PDT"]
[Termination "marik_spb won by checkmate"]

1. d4 d6 2. c4 e5 3. dxe5 dxe5 4.
Qxd8+ Kxd8 5. Nc3 Be6 6. e4 c6 7.
Be3 Nd7 8. O-O-O Kc7 9. b3 f6 10. g3 a5 11. Bh3 Bxh3 12. Nxh3 Ba3+ 13. Kc2 Ne7 14. f4 Rhd8 15. fxe5 fxe5 16. Ng5 Nf8 17.
Rxd8 Rxd8 18. Rf1 h6 19. Rxf8 hxg5 20. Rf7 Rh8 21. Bxg5 Rxh2+ 22. Kd3 Kd7 23. Rxg7 Ke6 24. Na4 Rxa2 25. c5 Nc8 26. Rc7 b5 27. cxb6 Nd6 28. Re7# 1-0

[Event "Late-Titled-Tuesday-Blitz-October-03-2023"]
[Site "Chess.com"]
[Date "2023.10.03"]
[Round "2"]
[White "alexrustemov"]
[Black "hellokostya"]
[Result "0-1"]
[WhiteElo "2827"]
[BlackElo "2560"]
[TimeControl "180+1"]
[EndTime "14:15:32 PDT"]
[Termination "hellokostya won on time"]

1. d4 Nf6 2. Nf3 g6 3. g3 Bg7 4.
Bg2 O-O 5. O-O d6 6. c4 c5 7. Nc3 Nc6 8. d5 Na5 9. Nd2 e6 10. Qc2 Re8 11. h3 exd5 12. cxd5 b5 13. e4 b4 14. Nd1 Ba6 15. Ne3 Bxf1 16. Bxf1 Nd7 17. Rb1 Bd4 18. Ndc4 Nxc4 19. Nxc4 Nb6 20. Na5 Qf6 21.
Nc6 Rxe4 22. Bf4 Rae8 23. Bg2 Re2 24. Qd3 Bxf2+ 25. Kh1 Re1+ 26. Rxe1 Rxe1+ 27. Kh2 Bg1+ 28. Kh1 Be3+ 29. Kh2 Bxf4 30. Qxg6+ hxg6 31. Ne7+ Qxe7 0-1

[Event "Late-Titled-Tuesday-Blitz-October-03-2023"]
[Site "Chess.com"]
[Date "2023.10.03"]
[Round "2"]
[White "Hilary46"]
[Black "Njal28"]
[Result "0-1"]
[WhiteElo "2628"]
[BlackElo "3099"]
[TimeControl "180+1"]
[EndTime "14:15:42 PDT"]
[Termination "Njal28 won by resignation"]

1. e4 Nc6 2. d4 e5 3. d5 Nce7 4. h4 Nf6 5. Nc3 d6 6. Be2 Ng6 7. h5 Ne7 8. h6 gxh6 9. Bxh6 Bxh6 10. Rxh6 Ng6 11. g3 Qe7 12. Qd2 Bd7 13. O-O-O O-O-O 14. Qe3 Kb8 15. Kb1 a6 16. a3 Rdg8 17. Nh3 Ng4 18. Bxg4 Bxg4 19. f3 Bxh3 20. Rxh3 h5 21. Rdh1 h4 22. Ne2 hxg3 23. Rxh8 Nxh8 24. Nxg3 Ng6 25.
Nf5 Qd8 26. c4 Nf4 27. c5 dxc5 28. Qxc5 Rg2 29. Qc3 f6 30. Rh7 Rg1+ 31. Ka2 Nxd5 32. Qc5 Nc3+ 33. Kb3 Qg8+ 34. Kb4 a5+ 0-1

[Event "Late-Titled-Tuesday-Blitz-October-03-2023"]
[Site "Chess.com"]
[Date "2023.10.03"]
[Round "2"]
[White "jinxy2009"]
[Black "komogro"]
[Result "1-0"]
[WhiteElo "2284"]
[BlackElo "2476"]
[TimeControl "180+1"]
[EndTime "14:15:42 PDT"]
[Termination "jinxy2009 won on time"]

1. e4 g6 2. d4 Bg7 3. Nc3 d6 4.
f4 Nc6 5. Be3 Nf6 6. Nf3 Bg4 7.
h3 Bxf3 8. Qxf3 e5 9. dxe5 dxe5 10.
Rd1 Qe7 11. Bb5 O-O 12. O-O exf4 13. Bxf4 Nh5 14. Nd5 Qc5+ 15. Be3 Qxb5 16. g4 Ne5 17. Qf2 Qxb2 18. gxh5 Qxa2 19. h6 Rfe8 20. Nf6+ Kh8 21. hxg7+ Kxg7 22. Nxe8+ Rxe8 23. Qf6+ Kg8 24. Bh6 1-0

[Event "Late-Titled-Tuesday-Blitz-October-03-2023"]
[Site "Chess.com"]
[Date "2023.10.03"]
[Round "2"]
[White "DanielDardha2005"]
[Black "onnoelgersma"]
[Result "1-0"]
[WhiteElo "2904"]
[BlackElo "2554"]
[TimeControl "180+1"]
[EndTime "14:15:47 PDT"]
[Termination "DanielDardha2005 won by checkmate"]

1. a3 a6 2. e3 h6 3. d4 Ra7 4.
Ra2 Ra8 5. c4 Ra7 6. Nc3 e6 7. Ra1 Ra8 8. b4 Nf6 9. Ra2 Nc6 10. Rd2 Ne7 11. d5 Ng6 12. Bb2 e5 13.
Bd3 d6 14. h4 a5 15. h5 Ne7 16. f4 Ng4 17. Qf3 axb4 18. axb4 c6 19. c5 cxd5 20.
Bb5+ Bd7 21. Qxg4 f5 22. Qe2 d4 23. fxe5 dxc3 24. Bxc3 d5 25. e6 Bxb5 26. Qxb5+ Nc6 27. Qxb7 Ne7 28. Qb5+ Nc6 29. e4 Qc8 30. exd5 Be7 31.
Bxg7 Rg8 32. d6 Qxe6+ 33. Re2 Rxg7 34. Qxc6+ Qd7 35. Qxa8+ Qd8 36. Qa1 Rh7 37. Qh8+ Kd7 38. Qxd8+ Bxd8 39. Nf3 Bf6 40. Re7+ Kc6 41. Rxh7 Bg7 42.
Kf1 Bf8 43. Ke2 Bg7 44. Rd1 Bf8 45. Rf7 Bg7 46. Rxf5 Kb5 47. Nd4+ Kc4 48. Rf7 Bh8 49. d7 Bf6 50. Rxf6 Kxb4 51. Rxh6 Kc3 52. Nf3 Kc2 53. Rhd6 Kc3 54. c6 Kc4 55. c7 Kb5 56. d8=Q Ka5 57. R1d4 Kb5 58. Kd3 Ka5 59. Kc3 Kb5 60. Rb4+ Kc5 61.
c8=Q# 1-0

[Event "Late-Titled-Tuesday-Blitz-October-03-2023"]
[Site "Chess.com"]
[Date "2023.10.03"]
[Round "2"]
[White "Mikhail_Golubev"]
[Black "mishanick"]
[Result "0-1"]
[WhiteElo "2611"]
[BlackElo "3027"]
[TimeControl "180+1"]
[EndTime "14:15:48 PDT"]
[Termination "mishanick won by resignation"]

1. e4 c5 2. Nf3 d6 3. d4 cxd4 4. Nxd4 Nf6 5. Nc3 a6 6. Bc4 e6 7. O-O b5 8. Bb3 b4 9. Na4 Bd7 10. c3 Nc6 11. Re1 Be7 12. cxb4 Nxb4 13. Nc3 O-O 14.
Be3 Qb8 15. Rc1 Qb7 16. f3 Rfc8 17. Ba4 Bxa4 18. Nxa4 Rxc1 19. Bxc1 Nxa2 20. Be3 d5 21. e5 Nd7 22. f4 g6 23. g4 Nc5 24. f5 Nb4 25.
fxe6 Nxe6 26. Qf3 Rf8 27. Nc3 Nxd4 28. Bxd4 Qd7 29. Rd1 Rc8 30. Qe2 Rc4 31. h3 Rxd4 32. Rxd4 Bc5 33. Qf2 Qa7 34. Ne2 Nc6 35. Qf6 Nxd4 36.
Qd8+ Bf8 0-1

[Event "Late-Titled-Tuesday-Blitz-October-03-2023"]
[Site "Chess.com"]
[Date "2023.10.03"]
[Round "2"]
[White "pirulillo"]
[Black "GoltsevDmitry2000"]
[Result "0-1"]
[WhiteElo "2361"]
[BlackElo "2682"]
[TimeControl "180+1"]
[EndTime "14:15:48 PDT"]
[Termination "GoltsevDmitry2000 won by resignation"]

1. e4 e6 2. d3 d5 3. Nd2 Bc5 4. Ngf3 Nf6 5. e5 Nfd7 6. d4 Bb6 7. c4 c5 8. cxd5 exd5 9. Bd3 cxd4 10.
Nb3 Nc6 11. a3 Ndxe5 12. O-O Nxd3 13. Qxd3 O-O 14. Nfxd4 Ne5 15. Qg3 Nc4 16. Bg5 Qc7 17. Bf4 Qd7 18. h3 f6 19. Rfe1 Qf7 20. Re2 Bd7 21. Bd6 Rfe8 22. Rae1 Rxe2 23. Rxe2 Re8 24. Rxe8+ Qxe8 25. Bc7 Bxc7 26. Qxc7 Qe1+ 27. Kh2 Qe5+ 28.
Qxe5 fxe5 29. Nf3 e4 30. Nfd4 Nxb2 31. Nc5 Bc6 32. a4 Nxa4 33. Nxc6 Nxc5 34. Ne7+ Kf7 35. Nxd5 a5 0-1

[Event "Late-Titled-Tuesday-Blitz-October-03-2023"]
[Site "Chess.com"]
[Date "2023.10.03"]
[Round "2"]
[White "ural58"]
[Black "Chempiblinka"]
[Result "1-0"]
[WhiteElo "2504"]
[BlackElo "2290"]
[TimeControl "180+1"]
[EndTime "14:15:50 PDT"]
[Termination "ural58 won on time"]

1. e4 c5 2. b3 Nf6 3. e5 Nd5 4. Nc3 Nxc3 5. dxc3 Nc6 6. Nf3 g6 7.
Bc4 Bg7 8. O-O O-O 9. Bf4 a6 10. a4 Qc7 11. Qd2 Nxe5 12. Nxe5 Bxe5 13. Bxe5 Qxe5 14.
Rae1 Qf6 15. Qe3 b5 16. axb5 axb5 17. Bxb5 Ra2 18. Bd3 d5 19. Qxe7 Qxc3 20. h4 Ba6 21.
Bxa6 Rxa6 22. Re2 Ra2 23. Rc1 d4 24. Qg5 Rfa8 25. h5 Ra1 26. Rxa1 Qxa1+ 27. Kh2 Qd1 28.
Qe5 1-0

[Event "Late-Titled-Tuesday-Blitz-October-03-2023"]
[Site "Chess.com"]
[Date "2023.10.03"]
[Round "2"]
[White "Slovak_fighter2000"]
[Black "Zurability"]
[Result "0-1"]
[WhiteElo "2447"]
[BlackElo "2704"]
[TimeControl "180+1"]
[EndTime "14:15:54 PDT"]
[Termination "Zurability won by checkmate"]

1. d4 Nf6 2. c4 e6 3. Nf3 b6 4.
a3 Bb7 5. Nc3 d5 6. cxd5 Nxd5 7.
Qc2 Nxc3 8. bxc3 c5 9. e4 Be7 10. Bb5+ Bc6 11. Bd3 O-O 12. O-O h6 13. Bb2 Nd7 14.
Rad1 cxd4 15. cxd4 Rc8 16. Qe2 Bb7 17. Bb1 Nf6 18. d5 exd5 19. e5 Nh5 20. Nd4 Nf4 21.
Qg4 Ng6 22. Bxg6 fxg6 23. Ne6 Qd7 24. Qxg6 Rf7 25. f4 d4 26. Bxd4 Qc6 27. f5 Qe4 28. Rde1 Qd5 29. Ba1 Rc2 30. Rf2 Rxf2 31. Kxf2 Bh4+ 32.
g3 Qf3+ 33. Kg1 Qg2# 0-1

[Event "Late-Titled-Tuesday-Blitz-October-03-2023"]
[Site "Chess.com"]
[Date "2023.10.03"]
[Round "2"]
[White "MikeSailer"]
[Black "lemures27"]
[Result "0-1"]
[WhiteElo "2135"]
[BlackElo "2431"]
[TimeControl "180+1"]
[EndTime "14:15:55 PDT"]
[Termination "lemures27 won on time"]

1. d4 d5 2. Bf4 c5 3. e4 dxe4 4. d5 Nf6 5. Nc3 Bf5 6. Bb5+ Bd7 7.
Qd2 a6 8. Bxd7+ Nbxd7 9. O-O-O b5 10. f3 exf3 11. Nxf3 b4 12. Na4 g6 13. d6 e6 14.
h4 Bg7 15. Bh6 O-O 16. Bxg7 Kxg7 17. h5 Nxh5 18. Rxh5 gxh5 19. Rh1 Qf6 20. Rxh5 h6 21. Nxc5 Nxc5 22. Rxc5 a5 23. Rc4 Rac8 24. Rg4+ Kh7 25. d7 Rcd8 26. Qd3+ Qf5 27. Qd6 Qxg4 28. b3 Qf5 29.
Ne5 Qf6 30. Nc6 Qa1+ 31. Kd2 Qc3+ 32. Kc1 Rg8 33. Nxd8 Rxd8 34. Qe7 Qe1+ 35. Kb2 Qe5+ 36. Kb1 Qg5 37. Qxf7+ Qg7 38. Qxe6 Qxd7 39. Qe4+ Kg8 40. Qg6+ Qg7 41. Qe6+ Kh8 0-1

[Event "Late-Titled-Tuesday-Blitz-October-03-2023"]
[Site "Chess.com"]
[Date "2023.10.03"]
[Round "2"]
[White "FabianoCaruana"]
[Black "HamedWafa4"]
[Result "1-0"]
[WhiteElo "3063"]
[BlackElo "2616"]
[TimeControl "180+1"]
[EndTime "14:15:56 PDT"]
[Termination "FabianoCaruana won by resignation"]

1. d4 Nf6 2. Bf4 e6 3. Nf3 c6 4. e3 d5 5. Nbd2 Bd6 6. Ne5 O-O 7. Bd3 Qc7 8. Bg3 c5 9. c3 Nc6 10. f4 b6 11. O-O Bb7 12. Bh4 Nd7 13. Ndf3 f5 14.
g4 Rae8 15. Kh1 g6 16. Rg1 Kh8 17. Bg5 Be7 18. Bh6 Ndxe5 19. fxe5 Rf7 20. Qe2 Bf8 21.
Bf4 fxg4 22. Rxg4 Ne7 23. Ng5 Nf5 24. Nxf7+ Qxf7 25. Bxf5 exf5 26. Rgg1 Bg7 27. h4 h5 28. Rg3 Kh7 29. Rag1 Re6 30. Kh2 c4 31. b3 b5 32.
Rb1 a6 33. a4 Bc6 34. axb5 axb5 35. b4 Bb7 36. Ra1 Bc6 37. Rg2 Bh6 38. Qf3 Bf8 39. Rga2 Bb7 40. Ra7 Re7 41. Qg3 Bg7 42. R1a5 Qe8 43. Bg5 Rd7 44. Rxb5 Bc6 45. Rxd7 Qxd7 46.
Ra5 Qb7 47. e6 Bf8 48. Qe5 Bg7 49. Qd6 f4 50. Qxf4 Be8 51. Bf6 Bf8 52. Be5 Qe7 53.
Qf6 1-0

[Event "Late-Titled-Tuesday-Blitz-October-03-2023"]
[Site "Chess.com"]
[Date "2023.10.03"]
[Round "2"]
[White "Bilan_Danila"]
[Black "Kosak12"]
[Result "0-1"]
[WhiteElo "2533"]
[BlackElo "2796"]
[TimeControl "180+1"]
[EndTime "14:15:56 PDT"]
[Termination "Kosak12 won by checkmate"]

1. d4 Nf6 2. Nf3 d5 3. c4 e6 4. Nc3 c5 5. cxd5 cxd4 6. Qxd4 exd5 7. Bg5 Be7 8. e3 O-O 9. Bd3 h6 10. Bh4 Nc6 11. Qa4 Be6 12. O-O Qb6 13. Rab1 a6 14.
Ne2 Nb4 15. Qd1 Nxa2 16. Nf4 Nb4 17. Nd4 Bd7 18. Bf5 Rad8 19. Bxd7 Rxd7 20. Nf5 Bd8 21. Qf3 Ne4 22. Bxd8 Qxd8 23. Nh5 g6 24. Nxh6+ Kh7 25. Nf5 Qg5 26. Nhg3 gxf5 27. Nxf5 Rh8 28. Qh3+ Kg8 29. Nh6+ Qxh6 30. Qxd7 Qxh2# 0-1

[Event "Late-Titled-Tuesday-Blitz-October-03-2023"]
[Site "Chess.com"]
[Date "2023.10.03"]
[Round "2"]
[White "TigrVShlyape"]
[Black "MKlose11"]
[Result "1-0"]
[WhiteElo "2952"]
[BlackElo "2581"]
[TimeControl "180+1"]
[EndTime "14:15:57 PDT"]
[Termination "TigrVShlyape won by checkmate"]

1. d4 Nf6 2. Bf4 c5 3. e3 b6 4.
Nf3 d6 5. h3 g6 6. a4 Ba6 7.
Bxa6 Nxa6 8. O-O Bg7 9. Qe2 Nc7 10. c4 O-O 11. Nc3 Ne6 12. d5 Nxf4 13. exf4 Re8 14. Qd3 Rb8 15. Rad1 a6 16. f5 Nd7 17. fxg6 hxg6 18.
b3 Ne5 19. Nxe5 Bxe5 20. Ne4 Qd7 21. f4 Bd4+ 22. Kh1 b5 23. axb5 axb5 24. f5 bxc4 25. bxc4 gxf5 26. Ng5 e6 27. Qg3 Be5 28. Qh4 Bf6 29.
Qh7+ Kf8 30. dxe6 Rxe6 31. Nxe6+ Qxe6 32. Rxf5 Be5 33. Rdf1 Rb7 34. Rg5 Qxc4 35. Rg8+ Ke7 36. Qf5 Rb2 37. Qg5+ Kd7 38. Qd8+ Kc6 39. Qa8+ Kd7 40.
Rd8+ Ke7 41. Re8+ Kd7 42. Qc8# 1-0

[Event "Late-Titled-Tuesday-Blitz-October-03-2023"]
[Site "Chess.com"]
[Date "2023.10.03"]
[Round "2"]
[White "DefiantChair"]
[Black "vugarrasulov"]
[Result "0-1"]
[WhiteElo "2579"]
[BlackElo "2950"]
[TimeControl "180+1"]
[EndTime "14:15:58 PDT"]
[Termination "vugarrasulov won by resignation"]

1. e4 c5 2. Nf3 Nc6 3. d4 cxd4 4. Nxd4 e5 5. Nb5 d6 6. N1c3 a6 7. Na3 Be7 8. Nc4 b5 9. Ne3 Nf6 10. g3 O-O 11. Bg2 Be6 12. O-O Nd4 13. Ncd5 Nxd5 14.
exd5 Bd7 15. c3 Nf5 16. Nxf5 Bxf5 17. a4 Bd7 18. axb5 axb5 19. Be3 Qc7 20. Qe2 Rfc8 21. f4 Bf6 22. Kh1 Qc4 23. Qf2 e4 24. Rae1 Re8 25.
Rd1 b4 26. cxb4 Qxb4 27. Bd4 Bb5 28. Rg1 Bd3 29. Bxf6 gxf6 30. g4 e3 31. Qh4 e2 32.
Rde1 Qxf4 33. Qh3 Re3 34. Qh4 Rae8 35. b4 Be4 36. b5 Bxg2+ 37. Rxg2 Qf1+ 38. Rg1 Qf3+ 39. Rg2 Qxd5 40. b6 Rd3 41. Kg1 Rd1 42. g5 Qd4+ 43.
Kh1 Qxh4 0-1

[Event "Late-Titled-Tuesday-Blitz-October-03-2023"]
[Site "Chess.com"]
[Date "2023.10.03"]
[Round "2"]
[White "Denis_Makhnyov"]
[Black "Likvidator228"]
[Result "1-0"]
[WhiteElo "2920"]
[BlackElo "2566"]
[TimeControl "180+1"]
[EndTime "14:15:59 PDT"]
[Termination "Denis_Makhnyov won by checkmate"]

1. e4 c5 2. Nf3 g6 3. h4 h5 4. Bc4 Bg7 5. d3 Nc6 6. a3 e6 7. O-O Nge7 8. Nc3 d5 9. Ba2 O-O 10. Bg5 d4 11. Ne2 Kh7 12. c3 f6 13. Bd2 e5 14.
cxd4 cxd4 15. b4 a6 16. a4 b5 17. Rc1 Qd6 18. Qb3 Bg4 19. Rc5 Rab8 20. Rfc1 Nd8 21.
Nfxd4 bxa4 22. Qxa4 exd4 23. Bf4 Qb6 24. Bxb8 Qxb8 25. Nxd4 Qd6 26. b5 axb5 27. Nxb5 Qxd3 28. Rc7 Nec6 29. Bd5 Ne5 30. Qa7 Ndf7 31. Bxf7 Nxf7 32. Rxf7 Rxf7 33. Qxf7 Qxb5 34. Rc7 Qb1+ 35. Kh2 Qb8 36.
Qxg7# 1-0

[Event "Late-Titled-Tuesday-Blitz-October-03-2023"]
[Site "Chess.com"]
[Date "2023.10.03"]
[Round "2"]
[White "Ermito2020"]
[Black "Jospem"]
[Result "0-1"]
[WhiteElo "2611"]
[BlackElo "3043"]
[TimeControl "180+1"]
[EndTime "14:16:02 PDT"]
[Termination "Jospem won on time"]

1. e4 c5 2. Nf3 d6 3. d4 cxd4 4. Nxd4 a6 5. Nc3 e6 6. g4 b5 7. Bg2 Bb7 8. g5 Ne7 9. h4 Nec6 10. Be3 Nxd4 11. Qxd4 Nc6 12. Qb6 Qc8 13. O-O-O Be7 14. Bf4 Ne5 15. Qd4 Qc7 16. h5 O-O-O 17. a4 Bc6 18.
axb5 axb5 19. Bf1 Qa5 20. Kb1 Kb7 21. b4 Qa6 22. Na2 Ra8 23. Nc1 Rhc8 24. Rh3 h6 25.
Rg3 hxg5 26. Be3 Bf6 27. Nb3 Qa2+ 28. Kc1 Nc4 29. Bxc4 Bxd4 30. Na5+ Rxa5 31. Bxa2 Bxe3+ 32. Rxe3 Rxa2 33. Rxd6 Ra4 34. c3 Ra2 35. Rd2 Rxd2 36. Kxd2 Rh8 37. Rf3 f6 38. Rh3 Bxe4 39. Ke3 Bg6 40.
Rh1 Rxh5 41. Rd1 Rh3+ 42. Ke2 Bh5+ 0-1

[Event "Late-Titled-Tuesday-Blitz-October-03-2023"]
[Site "Chess.com"]
[Date "2023.10.03"]
[Round "2"]
[White "Langua_Chess"]
[Black "BillieKimbah"]
[Result "0-1"]
[WhiteElo "2491"]
[BlackElo "2963"]
[TimeControl "180+1"]
[EndTime "14:16:04 PDT"]
[Termination "BillieKimbah won on time"]

1. e4 c6 2. d4 d5 3. Nc3 dxe4 4. Nxe4 Nf6 5. Nxf6+ exf6 6. c3 Bd6 7. Nf3 O-O 8.
Bd3 Re8+ 9. Kf1 Nd7 10. Bd2 Nf8 11. Qc2 Bg4 12. Ng1 c5 13. h3 Bh5 14. d5 Rc8 15. c4 Rc7 16. g4 Bg6 17. Nf3 Rce7 18. Kg2 h5 19. Bxg6 fxg6 20. gxh5 gxh5 21. Rhe1 Qd7 22.
Rxe7 Rxe7 23. Re1 Rxe1 24. Bxe1 g5 25. Qe4 Kf7 26. Bc3 Ng6 27. Bd2 Bf4 28. Be3 b6 29. b3 h4 30. Ne1 Bxe3 31. fxe3 Qd6 32. Qg4 Kg7 33. Nf3 Kh6 34. Nd4 cxd4 35. exd4 Nf4+ 36.
Kf3 Qe7 0-1

[Event "Late-Titled-Tuesday-Blitz-October-03-2023"]
[Site "Chess.com"]
[Date "2023.10.03"]
[Round "2"]
[White "Sjakkerntobi"]
[Black "GaiozNigalidze"]
[Result "0-1"]
[WhiteElo "2516"]
[BlackElo "2752"]
[TimeControl "180+1"]
[EndTime "14:16:05 PDT"]
[Termination "GaiozNigalidze won by resignation"]

1. e4 c5 2. Nf3 d6 3. d4 cxd4 4. Qxd4 Nc6 5. Bb5 Bd7 6. Bxc6 Bxc6 7. Nc3 Nf6 8. Bg5 e6 9. O-O-O Be7 10. Qd3 Qa5 11.
h4 Rd8 12. Nd4 Bd7 13. f4 h6 14. Bxf6 Bxf6 15. g4 g5 16. hxg5 hxg5 17. Rxh8+ Bxh8 18. fxg5 Qxg5+ 19. Kb1 a6 20. Nf3 Qf4 21. Nd2 b5 22. a3 Qxg4 23. Nf3 Bxc3 24. Qxc3 Qxe4 25. Rxd6 Rc8 26.
Qd3 Qxd3 27. cxd3 Rc6 28. Rd4 f6 29. Rh4 Rc5 30. d4 Rf5 31. Nd2 Bc6 32. Kc2 a5 33.
Kd3 Ke7 34. Rh7+ Kd6 35. Nb3 Rf3+ 36. Kc2 Be4+ 0-1

[Event "Late-Titled-Tuesday-Blitz-October-03-2023"]
[Site "Chess.com"]
[Date "2023.10.03"]
[Round "2"]
[White "Mr_November18"]
[Black "Dzidzik2203"]
[Result "0-1"]
[WhiteElo "2006"]
[BlackElo "2402"]
[TimeControl "180+1"]
[EndTime "14:16:07 PDT"]
[Termination "Dzidzik2203 won by checkmate"]

1. e4 e5 2. Nf3 Nc6 3. d4 exd4 4. Bc4 Nf6 5. e5 d5 6. Bb5 Ne4 7. Nxd4 Bc5 8. Be3 Bd7 9. Bxc6 bxc6 10. O-O O-O 11. f3 Ng5 12. f4 Ne4 13. Nd2 Nxd2 14. Qxd2 Bb6 15. Nb3 Bf5 16. Qc3 Qd7 17. Kh1 Be4 18.
Nc5 Bxc5 19. Bxc5 Rfe8 20. Rad1 Rab8 21. b4 Qf5 22. Rf2 Re6 23. h3 Rg6 24. Kh2 h5 25. g3 a6 26. Rg1 f6 27. exf6 gxf6 28. a3 Kf7 29. Bd4 Rh8 30. Qxc6 Rg4 31. Qxc7+ Kg6 32.
h4 Kh6 33. Qf7 Rg6 34. c3 Rhg8 35. c4 R8g7 36. Qf8 Kh7 37. cxd5 Qg4 38. d6 Bf5 39.
Rh1 Qxg3# 0-1

[Event "Late-Titled-Tuesday-Blitz-October-03-2023"]
[Site "Chess.com"]
[Date "2023.10.03"]
[Round "2"]
[White "djano"]
[Black "KafkaesqueKnight"]
[Result "1-0"]
[WhiteElo "2682"]
[BlackElo "2333"]
[TimeControl "180+1"]
[EndTime "14:16:08 PDT"]
[Termination "djano won on time"]

1. e4 c5 2. Nc3 e6 3. f4 Ne7 4. Nf3 d5 5. Bb5+ Nbc6 6. Ne5 d4 7. Nb1 Qc7 8. Qh5 g6 9. Qh4 Bg7 10. O-O a6 11. Bxc6+ Nxc6 12. Nxc6 Qxc6 13. d3 c4 14. Nd2 b5 15. Nf3 Bb7 16. f5 exf5 17. exf5 O-O 18. Bg5 Rfe8 19. f6 Bf8 20. Rf2 Rad8 21. Bh6 Bxh6 22.
Qxh6 Qxf6 23. Ng5 Qh8 24. Nxf7 Qg7 25. Qxg7+ Kxg7 26. Nxd8 Rxd8 27. Re1 Rd7 28. Rfe2 Kf7 29. Rf1+ Kg7 30. Rfe1 Kf7 31. h3 h5 32. Kh2 a5 33.
Re5 Bd5 34. Rf1+ Kg7 35. Rf4 1-0

[Event "Late-Titled-Tuesday-Blitz-October-03-2023"]
[Site "Chess.com"]
[Date "2023.10.03"]
[Round "2"]
[White "Byniolus"]
[Black "zverr1"]
[Result "1-0"]
[WhiteElo "2753"]
[BlackElo "2523"]
[TimeControl "180+1"]
[EndTime "14:16:09 PDT"]
[Termination "Byniolus won by resignation"]

1. d4 Nf6 2. Nf3 g6 3. Bf4 Bg7 4. e3 c5 5. c3 b6 6. Bc4 d5 7. Bb5+ Bd7 8. Be2 O-O 9. O-O Nc6 10. Nbd2 Bc8 11. a3 cxd4 12. cxd4 Bb7 13. Qa4 Nh5 14.
Bg5 Qd6 15. Ne1 e5 16. Bxh5 gxh5 17. Nef3 exd4 18. exd4 Kh8 19. Rfe1 Rfe8 20. Bh4 h6 21. Bg3 Qg6 22. Nf1 Re4 23. Red1 Qe6 24. Rac1 Rd8 25. b4 Ne7 26. Rc7 Qd6 27. Bxd6 Rxd6 1-0

[Event "Late-Titled-Tuesday-Blitz-October-03-2023"]
[Site "Chess.com"]
[Date "2023.10.03"]
[Round "2"]
[White "akanga001"]
[Black "only_strong_moves"]
[Result "0-1"]
[WhiteElo "2019"]
[BlackElo "2514"]
[TimeControl "180+1"]
[EndTime "14:16:09 PDT"]
[Termination "only_strong_moves won by checkmate"]

1. d4 Nf6 2. c4 e6 3. Nf3 d5 4. Nc3 c5 5. cxd5 cxd4 6. Nxd4 Nxd5 7. e4 Nxc3 8. bxc3 e5 9. Bb5+ Bd7 10. Bxd7+ Qxd7 11. Nf5 Qxd1+ 12. Kxd1 Nc6 13. Ke2 g6 14. Ne3 Bg7 15. Nd5 O-O 16. Ba3 Rfd8 17. Rab1 b6 18. Rhd1 Bf8 19. Bxf8 Kxf8 20. f3 Rac8 21. h4 f5 22. h5 Kf7 23. hxg6+ hxg6 24. Rh1 Rh8 25. Kf2 Kg7 26. g3 Na5 27. Kg2 Nc4 28. exf5 gxf5 29.
Rxh8 Rxh8 30. Ne7 Kf6 31. Nd5+ Ke6 32. Rd1 e4 33. Nf4+ Kf6 34. fxe4 fxe4 35. Rd7 Ne3+ 36.
Kg1 Nf5 37. g4 Rg8 38. Kf2 Rxg4 39. Nd5+ Ke5 40. Nb4 e3+ 41. Ke1 Rg1+ 42. Ke2 Ke4 43. Rc7 Ng3# 0-1

[Event "Late-Titled-Tuesday-Blitz-October-03-2023"]
[Site "Chess.com"]
[Date "2023.10.03"]
[Round "2"]
[White "Gogolev_Artemy"]
[Black "andjela_djidjika"]
[Result "1-0"]
[WhiteElo "2396"]
[BlackElo "1984"]
[TimeControl "180+1"]
[EndTime "14:16:10 PDT"]
[Termination "Gogolev_Artemy won by resignation"]

1. d4 d6 2. Bf4 g6 3. Nf3 Bg7 4. e3 Nf6 5. h3 Nbd7 6. Be2 O-O 7. O-O b6 8. c4 Bb7 9. Nc3 Re8 10. Qc2 e5 11. dxe5 dxe5 12. Bh2 Qe7 13. Rfd1 Red8 14.
a3 Ne8 15. Rd2 Nd6 16. Rad1 f6 17. Nd5 Bxd5 18. Rxd5 Nb7 19. b4 a5 20. Qb3 Qf7 21.
c5 a4 22. Qc2 Kh8 23. c6 Nd6 24. cxd7 Rxd7 25. e4 Bh6 26. Bb5 Re7 27. Bxa4 b5 28. Bb3 Qg7 29. Qb2 Ree8 30. Nxe5 1-0

[Event "Late-Titled-Tuesday-Blitz-October-03-2023"]
[Site "Chess.com"]
[Date "2023.10.03"]
[Round "2"]
[White "Saraisitave"]
[Black "aistrel"]
[Result "0-1"]
[WhiteElo "2319"]
[BlackElo "2517"]
[TimeControl "180+1"]
[EndTime "14:16:11 PDT"]
[Termination "aistrel won on time"]

1. e4 c5 2. Nf3 e6 3. Nc3 b6 4. d4 cxd4 5. Nxd4 Bb7 6. Be2 Nf6 7. f3 d5 8. e5 Nfd7 9. f4 Bc5 10. Be3 Nc6 11.
Ncb5 a6 12. Nxc6 Bxc6 13. Bxc5 Bxb5 14. Bd6 Bxe2 15. Qxe2 Nc5 16. O-O-O Qd7 17. Rhf1 g6 18. g4 h5 19. h3 hxg4 20. hxg4 Ne4 21. Qe3 Nxd6 22.
exd6 Qxd6 23. f5 gxf5 24. gxf5 O-O-O 25. fxe6 fxe6 26. Rf6 Rhe8 27. Re1 Kd7 28. Rf7+ Re7 29. Rxe7+ Kxe7 30. Qg5+ Kd7 31. Qg7+ Qe7 32. Qd4 Kc7 33.
Kb1 Qd6 34. Qa4 Kb7 35. c4 e5 36. cxd5 Qxd5 37. a3 Qd4 0-1

[Event "Late-Titled-Tuesday-Blitz-October-03-2023"]
[Site "Chess.com"]
[Date "2023.10.03"]
[Round "2"]
[White "Casper"]
[Black "lluiss"]
[Result "1-0"]
[WhiteElo "2440"]
[BlackElo "2170"]
[TimeControl "180+1"]
[EndTime "14:16:11 PDT"]
[Termination "Casper won by resignation"]

1. e4 c5 2. d4 cxd4 3. Qxd4 Nc6 4. Qe3 d6 5. Nc3 Nf6 6. Bd2 g6 7. O-O-O Bg7 8. f3 O-O 9. h4 h5 10. Nge2 Be6 11. Nf4 Ne5 12. Nxe6 fxe6 13. Qg5 Nh7 14. Qg3 Rc8 15. Bf4 Qe8 16. Be2 Qf7 17. Be3 Nc4 18. Bd4 Bh6+ 19. Kb1 e5 20. Bxa7 b6 21. Nd5 Bf4 22.
Qe1 Ne3 23. Nxe3 Bxe3 24. Qb4 Nf6 25. b3 e6 26. Bxb6 Rb8 27. Rxd6 Qe7 28. a3 Qb7 29. Bxe3 Qe7 30. Qc5 Rfc8 31. Rc6 Nd7 32. Qxe7 1-0

[Event "Late-Titled-Tuesday-Blitz-October-03-2023"]
[Site "Chess.com"]
[Date "2023.10.03"]
[Round "2"]
[White "artin10862"]
[Black "cukus"]
[Result "1-0"]
[WhiteElo "2801"]
[BlackElo "2369"]
[TimeControl "180+1"]
[EndTime "14:16:12 PDT"]
[Termination "artin10862 won by resignation"]

1. d4 Nf6 2. e3 g6 3. Nf3 Bg7 4.
c4 O-O 5. Nc3 d5 6. h3 c5 7. dxc5 dxc4 8. Qa4 Nbd7 9. Qxc4 Qc7 10. b4 Ne4 11. Nd5 Qd8 12. Qxe4 e6 13. Rb1 exd5 14.
Qxd5 Qe7 15. Bb2 Nf6 16. Qd6 Qxd6 17. cxd6 Bf5 18. Rc1 Rad8 19. Be5 Rfe8 20. Bb5 Re6 21. Bc4 Ree8 22. O-O Be4 23. Ng5 Bd5 24. Bxf6 Bxf6 25. Nxh7 Kxh7 26. Bxd5 Rxd6 27. Bxf7 Re7 28. Bb3 Rd2 29.
Rfd1 Red7 30. Rxd2 Rxd2 31. Rc7+ Kh6 32. Rxb7 Be5 33.
Rxa7 Rc2 34. Bxc2 1-0

[Event "Late-Titled-Tuesday-Blitz-October-03-2023"]
[Site "Chess.com"]
[Date "2023.10.03"]
[Round "2"]
[White "drdaro"]
[Black "victormago"]
[Result "0-1"]
[WhiteElo "2248"]
[BlackElo "2490"]
[TimeControl "180+1"]
[EndTime "14:16:13 PDT"]
[Termination "victormago won by resignation"]

1. Nf3 Nf6 2. c3 g6 3. d4 Bg7 4. Nbd2 d5 5. e3 O-O 6. Bd3 c5 7. dxc5 Nc6 8. b4 e5 9. Bb5 Qe7 10. Bb2 a5 11. a3 Bd7 12. O-O e4 13. Bxc6 bxc6 14. Nd4 Ng4 15. h3 Ne5 16. N2b3 Nd3 17. Qc2 f5 18. Nxa5 f4 19. exf4 Rxf4 20. c4 Nxb2 21.
Qxb2 Qg5 22. Kh2 Be5 23. Kh1 Rh4 24. f4 Rxf4 25. Naxc6 Bxc6 26. Ne6 Rxf1+ 27. Rxf1 Qg3 28. Qxe5 Qxe5 0-1